 Dungeon Crawl Stone Soup version 0.31-a0-1300-gb6740aa4e6 (webtiles) character file.

Game seed: 18057262802461366870

86 night the Shooter (level 4, -2/35 HPs)
             Began as a Djinni Hunter on Dec 18, 2023.
             Was a Priest of Jiyva.
             Slain by an ice beast (12 damage)
             ... on level 6 of the Dungeon.
             The game lasted 00:03:51 (1944 turns).

night the Shooter (Djinni Hunter)                   Turns: 1944, Time: 00:03:52

Health: -2/35      AC:  3    Str: 10    XL:     4   Next: 77%
Gold:   110        EV: 12    Int: 12    God:    Jiyva [***...] SH:  0 Dex: 17

rFire   + + .        a - +0 shortbow
rCold   x . .        (shield currently unavailable)
rNeg    . . .        c - +0 leather armour
rPois   ∞            (no helmet)
rElec   .            (no cloak)
rCorr   +            (no gloves)
SInv    .            (boots unavailable)
Will    .....        (no amulet)
Stlth   ++           (no ring)
HPRegen 1.37/turn    (no ring)
MPRegen 0.00/turn

%: infuse magic (-3 HP)
@: flying
A: sickness immunity, fire resistance 2, cold vulnerability 1, float, innate
caster, HP casting, extra vitality 1
a: Renounce Religion, Oozemancy


You were on level 6 of the Dungeon.
You worshipped Jiyva.
Jiyva was most pleased with you.
You visited 1 branch of the dungeon, and saw 4 of its levels.

You collected 110 gold pieces.

Inventory:

Hand Weapons
 a - a +0 shortbow (weapon)
Missiles
 d - 36 stones
 j - 4 javelins
 k - a throwing net
Armour
 c - a +0 leather armour (worn)
Scrolls
 b - a scroll of butterflies
 e - a scroll of identify
 h - a scroll of enchant armour {unknown}
 i - 3 scrolls of teleportation
 m - a scroll of fog {unknown}
 n - a scroll of noise {unknown}
 o - a scroll of enchant weapon {unknown}
 p - a scroll of immolation {unknown}
Potions
 f - a potion of cancellation {unknown}
 g - a potion of might {unknown}
 l - a potion of heal wounds {unknown}
 q - a potion of berserk rage {unknown}


   Skills:
 + Level 3.0 Fighting
 * Level 4.3 Ranged Weapons
 - Level 2.1 Dodging
 - Level 0.7 Stealth


You knew the following spells:

 Your Spells              Type           Power      Damage    Failure   Level
a - Apportation           Tloc           0%         N/A       41%         1
Your spell library was empty.

Dungeon Overview and Level Annotations

Branches:
Dungeon (6/15)
 Temple: D:4-7

Altars:
Dithmenos
Hepliaklqana
Jiyva


Innate Abilities, Weirdness & Mutations

You are immune to sickness and miasma.
You are immune to poison.
Your flesh is very heat resistant. (rF++)
You are vulnerable to cold. (rC-)
You float through the air rather than walking.
You learn spells naturally, not from books.
Your magical power is your life essence.
You have superior vitality. (+4 MHP)


Message History

You feel strangely unstable.
The killer bee buzzes angrily.
The killer bee stings you.
The killer bee attacks as it pursues you!
The killer bee stings you. The killer bee stings you!
You swap places.
The killer bee buzzes angrily.
The centaur shouts!
The centaur wields a +0 shortbow.
The centaur shoots an arrow.
The arrow hits you! The killer bee misses you.
The jelly hits the killer bee.
The killer bee is splashed with acid.
Your surroundings suddenly seem different.
An adder and an ice beast come into view.
Found a stone staircase leading down.
The ice beast hits the jelly.
The ice beast freezes the jelly!
The ice beast is burned by acid!
The jelly misses the ice beast.
The jelly barely misses the ice beast.
The jelly hits the ice beast.
The ice beast is splashed with acid.
Something closely misses the ice beast.
The ice beast barely misses you.
The jelly hits something but does no damage.
You swap places.
The jelly hits something.
The ice beast hits you. The ice beast freezes you!!
You feel a terrible chill!
Ouch! That really hurt!
Something barely misses the ice beast.
The ice beast hits you. The ice beast freezes you!
You feel a terrible chill!
* * * LOW HITPOINT WARNING * * *
The ice beast attacks as it pursues you!
The ice beast closely misses you.
The ice beast attacks as it pursues you!
The ice beast barely misses you.
The jelly hits something.
You swap places.
The centaur shouts!
The ice beast closely misses you.
The centaur shoots an arrow.
The arrow closely misses you.
The centaur shoots an arrow.
The arrow hits you!
The ice beast attacks as it pursues you!
The ice beast hits you.
* * * LOW HITPOINT WARNING * * *
The ice beast freezes you!
You feel a terrible chill!
You die...

...............#..#
..................#
................###
................#
....c#......#..#
##.........#.##
#......J######
#......#..#..##
#...#..#....Y@...#
# # ######...##.##
###.# # ###


You could see an ice beast (corroded), a centaur and a neutral jelly
(distracted) (fellow slime).

Vanquished Creatures
  A gnoll (D:1)
  An adder (D:3)
  13 orcs
  7 bats
  2 endoplasms (D:1)
  3 giant cockroaches
  4 goblins
  5 hobgoblins
  7 kobolds
  2 ball pythons (D:3)
  A frilled lizard (D:2)
  4 rats
50 creatures vanquished.

Vanquished Creatures (others)
  A jelly (D:6)
  A killer bee (D:6)
  An adder (D:6)
  An endoplasm (D:3)
  A giant cockroach (D:2)
  A goblin (D:3)
6 creatures vanquished.

Grand Total: 56 creatures vanquished

Notes
Turn   | Place    | Note
-------+----------+-------------------------------------------
     0 | D:1      | night the Djinni Hunter began the quest for the Orb.
     0 | D:1      | Reached XP level 1. HP: 18/18 MP: 0/0
    10 | D:1      | Reached XP level 2. HP: 12/23 MP: 0/0
   129 | D:1      | Reached XP level 3. HP: 24/29 MP: 0/0
   129 | D:1      | Learned a level 1 spell: Apportation
   678 | D:1      | Found a faded altar of an unknown god.
   685 | D:1      | Prayed at the altar of an unknown god.
   685 | D:1      | Became a worshipper of Jiyva Jenoqoe the Shapeless
   685 | D:1      | Reached * piety under Jiyva
  1003 | D:2      | Reached ** piety under Jiyva
  1548 | D:3      | Reached skill level 4 in Ranged Weapons
  1614 | D:3      | Reached XP level 4. HP: 30/34 MP: 0/0
  1802 | D:3      | You are sucked into a shaft and drop 3 floors!
  1802 | D:6      | Found a shadowy altar of Dithmenos.
  1805 | D:6      | Reached *** piety under Jiyva
  1875 | D:6      | Found a hazy altar of Hepliaklqana.
  1883 | D:6      | Noticed an ogre
  1907 | D:6      | Noticed a centaur
  1911 | D:6      | Noticed an ice beast
  1930 | D:6      | HP: 1/35 [ice beast (15)]
  1944 | D:6      | Slain by an ice beast

Illustrated notes

Levels and vault maps discovered:
D:1:      dpeg_arrival_rhombus, layout_loops_ring,
          dilly_ecumenical_altar_fadedgnrine, hangedman_decor_peaks_small,
          minmay_strange_pillars, minivault_4
D:2:      layout_loops_ring
D:3:      layout_rooms, nicolae_figureground_pulse
D:6:      layout_cave_pools, overflow_temple_1_default,
          mainiacjoe_overflow_catwalk

Skill      XL: |  1  2  3  4 |
---------------+-------------+-----
Ranged Weapons | 4 |  4.3
Fighting       | 3 |  3.0
Dodging        | |  2.1
Stealth        | |  0.7

Action                     |  1- 3 |  4- 6 || total
---------------------------+-------+-------++-------
   Fire: Shortbow          |   116 |    44 ||   160
    Use: Scroll            |       |     2 ||     2
 Armour: Leather armour    |    27 |    24 ||    51
  Dodge: Dodged            |    33 |    22 ||    55

Table legend: (Time is in decaauts)
 A = Elapsed time spent in this place.
 B = Non-inter-level travel time spent in this place.
 C = Inter-level travel time spent in this place.
 D = Time resting spent in this place.
 E = Time spent auto-exploring this place.
 F = Levels seen in this place.
 G = Mean time per level.
                   A        B        C        D        E       F      G
               +--------+--------+--------+--------+--------+-----+--------+
         Total |   1984 |   1864 |    120 |     62 |   1428 |   4 |  496.0 |
       Dungeon |   1984 |   1864 |    120 |     62 |   1428 |   4 |  496.0 |
               +--------+--------+--------+--------+--------+-----+--------+

Top non-repeatable levels by time:
     D:1: 823 daAuts
     D:2: 745 daAuts
     D:3: 270 daAuts
     D:6: 143 daAuts
